cohdb
Replays
Latest Replays
All Replays
Popular Replays
Top Player Replays
Match Explorer
How It Works
Community
CoH3 Stats
Reddit
Sign in to upload your games and track your stats! →
Sign in with Steam
Match 42725020
Unlisted
Match 42725020
Overview
Messages
Build Orders
End
Selects Luftwaffe Battlegroup
Selects Luftwaffe Pioneer Support
Fallschirmpioneer Squad Paradrop
Construct Infanterie Kompanie
GrW 34 Mortar Team
Fallschirmpioneer Squad Paradrop
Selects Stuka Strafing Run
Stuka Strafing Run
Infanterie Officer Quarters
MG 42 Machine Gun Team
Fallschirmpioneer Squad Paradrop
Construct Panzergrenadier Kompanie
Stuka Strafing Run
Mihono Bourbon
Valdai
Sailor
Flightless Bird
King
Definitely not a Pineapple
0
0
Comments
sign in to comment!
No comments posted yet!